| TOP OF THE 1ST |
|
Oklahoma City 89ers batting - Pitching for Tulsa Drillers : RHP Luis Garcia
|
|
Pitching: RHP Luis Garcia
|
|
|
Batting: RHB David Green
|
0-0: Ground out 3-1 (Groundball, 34S, EV 91.9 MPH)
|
|
Batting: RHB John Christensen
|
0-0: Ball 1-0: Ground out 6-3 (Groundball, 6M, EV 91.3 MPH)
|
|
Batting: LHB Tom O'Malley
|
0-0: Ball 1-0: Ball 2-0: SINGLE (Groundball, 3D, EV 100.0 MPH)
|
|
Batting: RHB Glenn Braggs
|
0-0: Ball Wild Pitch! Tom O'Malley to second 1-0: Called Strike 1-1: Ball 2-1: Foul Ball, location: 2F 2-2: Foul Ball, location: 2F 2-2: Foul Ball, location: 2F 2-2: Strikes out swinging
|
| Top of the 1st over - 0 runs, 1 hit, 0 errors, 1 left on base; Oklahoma City 0 - Tulsa 0 |
| BOTTOM OF THE 1ST |
|
Tulsa Drillers batting - Pitching for Oklahoma City 89ers : RHP Vicente Prieto
|
|
Pitching: RHP Vicente Prieto
|
|
|
Batting: RHB Victor Rios
|
0-0: Ground out 6-3 (Groundball, P, EV 85.0 MPH)
|
|
Batting: SHB Luis Quinones
|
0-0: Called Strike 0-1: Ball 1-1: Foul Ball, location: 2F 1-2: Foul Ball, location: 2F 1-2: Ball 2-2: SINGLE (Groundball, 6D, EV 108.1 MPH)
|
|
Batting: LHB Jim Adduci
|
0-0: Reached on error, E3 (Groundball, 3L, EV 82.5 MPH) Luis Quinones to second
|
|
Batting: LHB Mike Pagliarulo
|
0-0: Ground out 6-3 (Groundball, P, EV 76.9 MPH) Luis Quinones to third Jim Adduci to second
|
|
Batting: SHB Paul Householder
|
0-0: Fly out, F7 (Line Drive, 7D, EV 96.9 MPH)
|
| Bottom of the 1st over - 0 runs, 1 hit, 1 error, 2 left on base; Oklahoma City 0 - Tulsa 0 |
| TOP OF THE 2ND |
|
Oklahoma City 89ers batting - Pitching for Tulsa Drillers : RHP Luis Garcia
|
|
Batting: RHB Cecil Fielder
|
0-0: Ground out 6-3 (Groundball, 6, EV 106.3 MPH)
|
|
Batting: RHB Nick Esasky
|
0-0: Ball 1-0: Called Strike 1-1: Ball 2-1: Ball 3-1: Base on Balls
|
|
Batting: RHB Joe Redfield
|
0-0: Ball 1-0: Ball 2-0: Ball 3-0: Called Strike 3-1: Called Strike 3-2: Strikes out looking
|
|
Batting: RHB Danny Jasso
|
0-0: Fly out, F9 (Flyball, 89D, EV 94.4 MPH)
|
| Top of the 2nd over - 0 runs, 0 hits, 0 errors, 1 left on base; Oklahoma City 0 - Tulsa 0 |
| BOTTOM OF THE 2ND |
|
Tulsa Drillers batting - Pitching for Oklahoma City 89ers : RHP Vicente Prieto
|
|
Batting: LHB Randy Braun
|
0-0: Foul Ball, location: 2F 0-1: Ground out U3 (Groundball, 3, EV 78.1 MPH)
|
|
Batting: RHB Steve Herz
|
0-0: Ball 1-0: SINGLE (Line Drive, 78S, EV 92.5 MPH)
|
|
Batting: RHB Nick Belmonte
|
0-0: Ball Steve Herz steals 2nd base 1-0: Fly out, F8 (Line Drive, 8RM, EV 93.1 MPH)
|
|
Batting: RHB Onix Concepcion
|
0-0: Ground out U3 (Groundball, 34, EV 97.5 MPH)
|
| Bottom of the 2nd over - 0 runs, 1 hit, 0 errors, 1 left on base; Oklahoma City 0 - Tulsa 0 |
| TOP OF THE 3RD |
|
Oklahoma City 89ers batting - Pitching for Tulsa Drillers : RHP Luis Garcia
|
|
Batting: RHB Robert Bailey
|
0-0: Fly out, F9 (Flyball, 89S, EV 96.9 MPH)
|
|
Batting: RHB David Green
|
0-0: Called Strike 0-1: Ball 1-1: Ball 2-1: Ball 3-1: SINGLE (Line Drive, 7S, EV 92.5 MPH)
|
|
Batting: RHB John Christensen
|
0-0: Ball 1-0: Called Strike David Green is caught stealing 2nd base 2-4 1-1: Ball 2-1: SINGLE (Groundball, 56D, EV 93.8 MPH)
|
|
Batting: LHB Tom O'Malley
|
0-0: Ball 1-0: Ball 2-0: Ball 3-0: Called Strike 3-1: Swinging Strike 3-2: Foul Ball, location: 2F 3-2: SINGLE (Groundball, 4MD, EV 105.6 MPH) John Christensen to second John Christensen to third
|
|
Batting: RHB Glenn Braggs
|
0-0: Called Strike 0-1: Foul Ball, location: 2F 0-2: Strikes out swinging
|
| Top of the 3rd over - 0 runs, 3 hits, 0 errors, 2 left on base; Oklahoma City 0 - Tulsa 0 |
| BOTTOM OF THE 3RD |
|
Tulsa Drillers batting - Pitching for Oklahoma City 89ers : RHP Vicente Prieto
|
|
Batting: RHB Victor Rios
|
0-0: Foul Ball, location: 2F 0-1: Ball 1-1: Ball 2-1: Fly out, F8 (Flyball, 8LS, EV 81.9 MPH)
|
|
Batting: SHB Luis Quinones
|
0-0: Ball 1-0: Called Strike 1-1: Ball 2-1: Swinging Strike 2-2: Ball 3-2: Base on Balls
|
|
Batting: LHB Jim Adduci
|
0-0: Ball 1-0: Called Strike 1-1: Ball 2-1: Called Strike 2-2: Fly out, F7 (Flyball, 78D, EV 91.9 MPH) Runner from 1st tags up, SAFE at 2nd
|
|
Batting: LHB Mike Pagliarulo
|
0-0: Ball 1-0: Ground out 4-3 (Groundball, 4S, EV 67.5 MPH)
|
| Bottom of the 3rd over - 0 runs, 0 hits, 0 errors, 1 left on base; Oklahoma City 0 - Tulsa 0 |
| TOP OF THE 4TH |
|
Oklahoma City 89ers batting - Pitching for Tulsa Drillers : RHP Luis Garcia
|
|
Batting: RHB Cecil Fielder
|
0-0: Called Strike 0-1: Ball 1-1: Foul Ball, location: 2F 1-2: Foul Ball, location: 2F 1-2: Strikes out looking
|
|
Batting: RHB Nick Esasky
|
0-0: Called Strike 0-1: Foul Ball, location: 2F 0-2: Strikes out swinging
|
|
Batting: RHB Joe Redfield
|
0-0: Fly out, F8 (Flyball, 8RD, EV 88.8 MPH)
|
| Top of the 4th over - 0 runs, 0 hits, 0 errors, 0 left on base; Oklahoma City 0 - Tulsa 0 |
| BOTTOM OF THE 4TH |
|
Tulsa Drillers batting - Pitching for Oklahoma City 89ers : RHP Vicente Prieto
|
|
Batting: SHB Paul Householder
|
0-0: Ball 1-0: Swinging Strike 1-1: Ball 2-1: Foul Ball, location: 2F 2-2: Ball 3-2: Foul Ball, location: 2F 3-2: SINGLE (Line Drive, 34D, EV 98.8 MPH)
|
|
Batting: LHB Randy Braun
|
0-0: Ball 1-0: Called Strike Paul Householder steals 2nd base (no throw) 1-1: Swinging Strike 1-2: Strikes out swinging
|
|
Batting: RHB Steve Herz
|
0-0: Called Strike 0-1: Ball 1-1: Ball 2-1: Ground out 4-3 (Groundball, 4S, EV 86.9 MPH) Paul Householder to third
|
|
Batting: RHB Nick Belmonte
|
0-0: Called Strike 0-1: Fly out, F6 (Popup, 6, EV 54.4 MPH)
|
| Bottom of the 4th over - 0 runs, 1 hit, 0 errors, 1 left on base; Oklahoma City 0 - Tulsa 0 |
| TOP OF THE 5TH |
|
Oklahoma City 89ers batting - Pitching for Tulsa Drillers : RHP Luis Garcia
|
|
Batting: RHB Danny Jasso
|
0-0: Called Strike 0-1: Ball 1-1: Ball 2-1: Reached on error, E4 (Flyball, 34D, EV 84.4 MPH)
|
|
Batting: RHB Robert Bailey
|
0-0: Called Strike 0-1: Foul Ball, location: 2F 0-2: Strikes out swinging
|
|
Batting: RHB David Green
|
0-0: Foul Ball, location: 2F 0-1: Ball 1-1: DOUBLE (Groundball, 5L, EV 111.9 MPH) Danny Jasso to third Runner from 3rd tries for Home, SAFE, throw by LF to home
|
|
Batting: RHB John Christensen
|
0-0: Foul Ball, location: 2F 0-1: Swinging Strike 0-2: Foul Ball, location: 2F 0-2: Ball 1-2: Foul Ball, location: 2F 1-2: Strikes out swinging
|
|
Batting: LHB Tom O'Malley
|
0-0: Foul Ball, location: 2F 0-1: Foul Ball, location: 2F 0-2: Fly out, F9 (Flyball, 9LS, EV 86.9 MPH)
|
| Top of the 5th over - 1 run, 1 hit, 1 error, 1 left on base; Oklahoma City 1 - Tulsa 0 |
| BOTTOM OF THE 5TH |
|
Tulsa Drillers batting - Pitching for Oklahoma City 89ers : RHP Vicente Prieto
|
|
Batting: RHB Onix Concepcion
|
0-0: Called Strike 0-1: Ball 1-1: SINGLE (Groundball, 34D, EV 105.6 MPH)
|
|
Batting: RHB Victor Rios
|
0-0: Ball 1-0: Sac Bunt to P - play at first, batter OUT! 1-4 Onix Concepcion to second
|
|
Batting: SHB Luis Quinones
|
0-0: Ball 1-0: Called Strike 1-1: Swinging Strike 1-2: Foul Ball, location: 2F 1-2: Foul Ball, location: 2F 1-2: Ball 2-2: SINGLE (Flyball, 34D, EV 88.8 MPH) Onix Concepcion to third
|
|
Batting: LHB Jim Adduci
|
0-0: Ball Luis Quinones steals 2nd base (no throw) 1-0: Ball 2-0: Ball 3-0: Called Strike 3-1: Called Strike 3-2: Fly out, F8 (Line Drive, 8LD, EV 89.4 MPH) Runner from 3rd tags up, SCORES, no throw by CF
|
|
Batting: LHB Mike Pagliarulo
|
0-0: Intentional Walk
|
|
Batting: SHB Paul Householder
|
0-0: Ball 1-0: Swinging Strike 1-1: Ball 2-1: Ground out 5-3 (Groundball, 25, EV 85.6 MPH)
|
| Bottom of the 5th over - 1 run, 2 hits, 0 errors, 2 left on base; Oklahoma City 1 - Tulsa 1 |
| TOP OF THE 6TH |
|
Oklahoma City 89ers batting - Pitching for Tulsa Drillers : RHP Luis Garcia
|
|
Batting: RHB Glenn Braggs
|
0-0: Swinging Strike 0-1: Called Strike 0-2: Strikes out looking
|
|
Batting: RHB Cecil Fielder
|
0-0: Ball 1-0: Swinging Strike 1-1: Ball 2-1: Called Strike 2-2: Strikes out looking
|
|
Batting: RHB Nick Esasky
|
0-0: Ball 1-0: Fly out, F7 (Line Drive, 7, EV 100.0 MPH)
|
| Top of the 6th over - 0 runs, 0 hits, 0 errors, 0 left on base; Oklahoma City 1 - Tulsa 1 |
| BOTTOM OF THE 6TH |
|
Tulsa Drillers batting - Pitching for Oklahoma City 89ers : RHP Vicente Prieto
|
|
Batting: LHB Randy Braun
|
0-0: Ball 1-0: Ground out 2-3 (Groundball, 15S, EV 69.4 MPH)
|
|
Batting: RHB Steve Herz
|
0-0: Ball 1-0: Foul Ball, location: 2F 1-1: Foul Ball, location: 2F 1-2: Fly out, F8 (Flyball, 8LS, EV 91.9 MPH)
|
|
Batting: RHB Nick Belmonte
|
0-0: Ball 1-0: Called Strike 1-1: SINGLE (Groundball, 56S, EV 68.1 MPH) (infield hit)
|
|
Batting: RHB Onix Concepcion
|
0-0: Called Strike 0-1: Called Strike Balk! Nick Belmonte to second 0-2: Foul Ball, location: 2F 0-2: Foul Ball, location: 2F 0-2: Ball 1-2: Foul Ball, location: 2F 1-2: SINGLE (Line Drive, 89S, EV 107.5 MPH) Nick Belmonte to third Runner from 3rd tries for Home, SAFE, throw by RF to home
|
|
Batting: RHB Victor Rios
|
0-0: Called Strike 0-1: Fly out, F7 (Flyball, 7S, EV 85.0 MPH)
|
| Bottom of the 6th over - 1 run, 2 hits, 0 errors, 1 left on base; Oklahoma City 1 - Tulsa 2 |
| TOP OF THE 7TH |
|
Oklahoma City 89ers batting - Pitching for Tulsa Drillers : RHP Luis Garcia
|
|
Batting: RHB Joe Redfield
|
0-0: Fly out, F9 (Flyball, 9LM, EV 95.0 MPH)
|
|
Batting: RHB Danny Jasso
|
0-0: Called Strike 0-1: Ball 1-1: Called Strike 1-2: Strikes out looking
|
|
Batting: RHB Robert Bailey
|
0-0: Fly out, F6 (Flyball, 56D, EV 93.8 MPH)
|
| Top of the 7th over - 0 runs, 0 hits, 0 errors, 0 left on base; Oklahoma City 1 - Tulsa 2 |
| BOTTOM OF THE 7TH |
|
Tulsa Drillers batting - Pitching for Oklahoma City 89ers : RHP Vicente Prieto
|
|
Batting: SHB Luis Quinones
|
0-0: Ball 1-0: Ball 2-0: Foul Ball, location: 2F 2-1: Ground out 4-3 (Groundball, 4, EV 85.6 MPH)
|
|
Batting: LHB Jim Adduci
|
0-0: Ball 1-0: Foul Ball, location: 2F 1-1: Swinging Strike 1-2: Foul Ball, location: 2F 1-2: Ball 2-2: Strikes out swinging
|
|
Batting: LHB Mike Pagliarulo
|
0-0: Fly out, F9 (Flyball, 9S, EV 88.8 MPH)
|
| Bottom of the 7th over - 0 runs, 0 hits, 0 errors, 0 left on base; Oklahoma City 1 - Tulsa 2 |
| TOP OF THE 8TH |
|
Oklahoma City 89ers batting - Pitching for Tulsa Drillers : RHP Luis Garcia
|
|
Batting: RHB David Green
|
0-0: Ball 1-0: Ball 2-0: Ground out 6-3 (Groundball, 56S, EV 93.1 MPH)
|
|
Batting: RHB John Christensen
|
0-0: Foul Ball, location: 2F 0-1: Foul Ball, location: 2F 0-2: Strikes out swinging
|
|
Batting: LHB Tom O'Malley
|
0-0: Swinging Strike 0-1: Foul Ball, location: 2F 0-2: Strikes out looking
|
| Top of the 8th over - 0 runs, 0 hits, 0 errors, 0 left on base; Oklahoma City 1 - Tulsa 2 |
| BOTTOM OF THE 8TH |
|
Tulsa Drillers batting - Pitching for Oklahoma City 89ers : RHP Vicente Prieto
|
|
Batting: SHB Paul Householder
|
0-0: Ball 1-0: Called Strike 1-1: Ball 2-1: Ground out 4-3 (Groundball, 4, EV 85.0 MPH)
|
|
Batting: LHB Randy Braun
|
0-0: Ball 1-0: Ground out 4-3 (Groundball, 4, EV 96.9 MPH)
|
|
Batting: RHB Steve Herz
|
0-0: Fly out, F8 (Line Drive, 8RD, EV 96.3 MPH)
|
| Bottom of the 8th over - 0 runs, 0 hits, 0 errors, 0 left on base; Oklahoma City 1 - Tulsa 2 |
| TOP OF THE 9TH |
|
Oklahoma City 89ers batting - Pitching for Tulsa Drillers : RHP Luis Garcia
|
|
Batting: RHB Glenn Braggs
|
0-0: Ball 1-0: Foul Ball, location: 2F 1-1: Called Strike 1-2: Ball 2-2: Strikes out swinging
|
|
Batting: RHB Cecil Fielder
|
0-0: Foul Ball, location: 2F 0-1: Ball 1-1: Ball 2-1: Ground out 6-3 (Groundball, 56S, EV 66.9 MPH)
|
|
Batting: RHB Nick Esasky
|
0-0: Called Strike 0-1: Foul Ball, location: 2F 0-2: Ball 1-2: Ball 2-2: Fly out, F4 (Flyball, 34D, EV 76.9 MPH)
|
| Top of the 9th over - 0 runs, 0 hits, 0 errors, 0 left on base; Oklahoma City 1 - Tulsa 2 |
|